 Dungeon Crawl Stone Soup version 0.30-b1-2-g02819fbbbe (webtiles) character file.

Game seed: 6547841014569698846

57 Arcadio the Ducker (level 4, -1/33 HPs)
             Began as a Djinni Fire Elementalist on May 17, 2023.
             Slain by a goblin
             ... wielding a +0 club
             ... led by Robin
              (5 damage)
             ... on level 1 of the Dungeon.
             The game lasted 00:02:32 (902 turns).

Arcadio the Ducker (Djinni Fire Elementalist)        Turns: 902, Time: 00:02:32

Health: -1/33      AC:  2    Str:  7    XL:     4   Next: 18%
Gold:   56         EV: 13    Int: 18    God:
                   SH:  0    Dex: 14

rFire   + + .        f - +0 dagger
rCold   x . .        (no shield)
rNeg    . . .        a - +0 robe
rPois   ∞            (no helmet)
rElec   .            (no cloak)
rCorr   .            (no gloves)
SInv    .            (boots unavailable)
Will    .....        (no amulet)
Stlth   ++           (no ring)
HPRegen 0.25/turn    (no ring)
MPRegen 0.00/turn

%: infuse magic (-2 HP)
@: flying, very slightly contaminated
A: sickness immunity, fire resistance 2, cold vulnerability 1, float, innate
caster, HP casting, extra vitality 1
a: no special abilities


You were on level 1 of the Dungeon.
You visited 1 branch of the dungeon, and saw 2 of its levels.

You collected 56 gold pieces.

Inventory:

Hand Weapons
 f - a +0 dagger (weapon)
Armour
 a - a +0 robe (worn)
Scrolls
 c - a scroll of enchant weapon {unknown}
 d - a scroll of magic mapping {unknown}
 e - a scroll of acquirement {unknown}
 g - a scroll of identify {unknown}
 j - a scroll of enchant armour {unknown}
Potions
 b - a potion of might {unknown}
 h - 2 potions of curing {unknown}
 i - a potion of haste {unknown}


   Skills:
 + Level 1.8 Fighting
 + Level 3.1 Dodging
 - Level 1.5 Stealth
 + Level 2.9 Spellcasting


You knew the following spells:

 Your Spells              Type           Power      Damage    Failure   Level
a - Foxfire               Conj/Fire      52%        2x1d6     4%          1
b - Scorch                Fire           26%        2d6       8%          2
c - Volatile Blastmotes   Fire/Tloc      26%        2d12      14%         3
d - Inner Flame           Hex/Fire       13%        N/A       14%         3
e - Flame Wave            Conj/Fire      13%        2d6       43%         4
f - Summon Small Mammal   Summ           52%        N/A       4%          1
Your spell library was empty.

Dungeon Overview and Level Annotations

Branches:
Dungeon (2/15) Zot: 11092

Altars:


Innate Abilities, Weirdness & Mutations

You are immune to sickness and miasma.
You are immune to poison.
Your flesh is very heat resistant. (rF++)
You are vulnerable to cold. (rC-)
You float through the air rather than walking.
You learn spells naturally, not from books.
Your magical power is your life essence.
You have superior vitality. (+4 MHP)


Message History

Confirm with . or Enter, or press ? or * to list all spells.
You miscast Scorch.
Nothing appears to happen.
Robin throws the goblin at you! The goblin closely misses you.
Casting: Scorch (safe; 8% risk of failure)
Confirm with . or Enter, or press ? or * to list all spells.
Flames lash Robin.
Robin is burned terribly!
Robin is severely wounded.
A goblin comes into view. It is wielding a +0 dagger of freezing.
The goblin completely misses you.
Casting: Scorch (safe; 8% risk of failure)
Confirm with . or Enter, or press ? or * to list all spells.
Flames lash Robin.
Robin is burned terribly!
Robin is almost dead.
Robin misses you. The goblin hits you with a +0 club.
Robin attacks as you move away! Robin hits you but does no damage.
The goblin attacks as you move away! The goblin hits you but does no damage.
Robin roars a battlecry!
The goblin goes into a battle-frenzy!
Casting: Scorch (safe; 8% risk of failure)
Confirm with . or Enter, or press ? or * to list all spells.
Flames lash Robin.
Robin is burned terribly!
You kill Robin!
The goblin hits you with a +0 club.
You have reached level 4!
You feel agile. The goblin attacks as you move away!
The goblin hits you with a +0 club.
* * * LOW HITPOINT WARNING * * *
The goblin attacks as you move away! The goblin hits you but does no damage.
There is a stone staircase leading up here.
The goblin completely misses you.
You fly upwards.
There is a stone staircase leading down here.
Things that are here:
a hobgoblin corpse; a frilled lizard skeleton
Casting: Scorch (safe; 8% risk of failure)
Confirm with . or Enter, or press ? or * to list all spells.
You miscast Scorch.
Nothing appears to happen.
* * * LOW HITPOINT WARNING * * *
The goblin hits you with a +0 club.
You die...

#..................#
#..................##
#...................#
#.............#####.#
..............#####.#
..#####.......#.....##
..#####.......)))....#
...............>)....#
#######........g@....#
#.......#.##.####
#...............#
##.####.........#
########..............#
.....##............####
.....#.............#
~~~~...............######
≈≈≈~...#.####...........#


You could see a goblin (strong).

Vanquished Creatures
  Robin (D:2)
  An adder (D:2)
  A dart slug (D:1)
  3 bats
  A giant cockroach (D:1)
  10 goblins
  3 hobgoblins (D:1)
  A kobold (D:1)
  5 ball pythons
  2 frilled lizards (D:1)
  5 rats
33 creatures vanquished.

Vanquished Creatures (others)
  59 foxfires
59 creatures vanquished.

Grand Total: 92 creatures vanquished

Notes
Turn   | Place    | Note
-------+----------+-------------------------------------------
     0 | D:1      | Arcadio the Djinni Fire Elementalist began the quest for
                  | the Orb.
     0 | D:1      | Arcadio set off with the following spells memorised:
                  | Foxfire, Scorch, Volatile Blastmotes, Inner Flame, Flame
                  | Wave.
     0 | D:1      | Reached XP level 1. HP: 15/15 MP: 0/0
   139 | D:1      | Reached XP level 2. HP: 21/22 MP: 0/0
   221 | D:1      | Reached skill level 1 in Fighting
   402 | D:1      | Reached XP level 3. HP: 27/27 MP: 0/0
   402 | D:1      | Learned a level 1 spell: Summon Small Mammal
   562 | D:2      | Noticed Robin
   708 | D:1      | Reached skill level 3 in Dodging
   895 | D:2      | Killed Robin
   896 | D:2      | Reached XP level 4. HP: 9/33 MP: 0/0
   902 | D:1      | Slain by a goblin

Illustrated notes

Levels and vault maps discovered:
D:1:      dpeg_arrival_castle, layout_basic
D:2:      layout_basic, st_stairs_1, uniq_robin

Skill      XL: |  1  2  3 |
---------------+----------+-----
Fighting       | 1 |  1.8
Dodging        | 3 |  3.1
Stealth        | |  1.5
Spellcasting   | |  2.9

Action                     |  1- 3 |  4- 6 || total
---------------------------+-------+-------++-------
  Melee: Dagger            |     9 |       ||     9
   Cast: Foxfire           |    35 |       ||    35
         Scorch            |    14 |       ||    14
 Armour: Robe              |    10 |     1 ||    11
  Dodge: Dodged            |    28 |     1 ||    29
